 Dungeon Sprint DCSS version 0.21-a0-91-ga5031da (webtiles) character file.

53 Kidiri the Insei (level 3, -8/30 HPs)
             Began as a Draconian Transmuter on June 28, 2017.
             Mangled by a water elemental (20 damage)
             ... in the Dungeon (Sprint III: "The Ten Rune Challenge").
             The game lasted 00:01:54 (601 turns).

Kidiri the Insei (Draconian Transmuter)              Turns: 601, Time: 00:01:54

Health: -8/30      AC:  2    Str: 12    XL:     3   Next: 64%
Magic:  5/7        EV: 21    Int: 13    God:
Gold:   17         SH:  0    Dex: 19    Spells: 2/8 levels left

rFire    . . .     SeeInvis .     - Unarmed
rCold    . . .     Gourm    .   (shield currently unavailable)
rNeg     . . .     Faith    .   (armour unavailable)
rPois    x         Spirit   .   (helmet currently unavailable)
rElec    .         Reflect  .   (cloak currently unavailable)
rCorr    .         Harm     .   (gloves currently unavailable)
MR       .....     NoTele   +   (boots currently unavailable)
Stlth    ++........             (no amulet)
HPRegen  0.10/turn              (no ring)
MPRegen  0.10/turn              (no ring)

@: spider-form (expiring)
A: unfitting armour, agile 1, wild magic 1, AC +5
a: End Transformation


You were in the Dungeon.
You were not hungry.
You were a venomous arachnid creature.
You visited 1 branch You collected 17 gold pieces.

Inventory:

Missiles
 a - 12 arrows
Scrolls
 i - a scroll of blinking
 j - a scroll of immolation
 m - a scroll of holy word
 o - a scroll of remove curse
 r - a scroll of amnesia {unknown}
Potions
 d - a potion of curing
 f - a potion of haste
 g - 2 potions of magic
 h - a potion of berserk rage
 q - 3 potions of flight
 s - 3 potions of mutation
Books
 b - a book of Changes

   Spells                             Type                      Level
   a - Beastly Appendage              Transmutation                1
   b - Sticks to Snakes               Transmutation                2
   c - Spider Form                    Transmutation/Poison         3
   d - Ice Form                       Ice/Transmutation            4
   e - Blade Hands                    Transmutation                5
Comestibles
 c - 2 bread rations
 l - a meat ration
 p - a royal jelly


   Skills:
 + Level 2.6 Fighting
 * Level 3.2 Dodging
 + Level 2.0 Stealth
 * Level 4.5 Unarmed Combat
 + Level 3.0 Spellcasting
 * Level 3.9 Transmutations
 + Level 0.6 Poison Magic


You had 2 spell levels left.
You knew the following spells:

 Your Spells              Type           Power        Failure   Level  Hunger
a - Beastly Appendage     Tmut           ###...       21%         1    #......
b - Sticks to Snakes      Tmut           ###.....     26%         2    ###....
c - Spider Form           Tmut/Pois      ##........   56%         3    ###....


Dungeon Overview and Level Annotations

Branches:
Dungeon (1/1)

Altars:


Innate Abilities, Weirdness & Mutations

((Your plain brown scales are hard. (AC +5)))
You cannot fit into any form of body armour.
((You are cold-blooded and may be slowed by cold attacks.))
You are agile. (Dex +2)
Your spells are a little harder to cast, but a little more powerful.


Message History

Unknown command.
With effort, you pull free of the water engulfing you.
You gasp with relief as air once again reaches your lungs.
The water elemental misses you. The water elemental closely misses you.
Unknown command.
You hit the water elemental.
The water elemental is heavily damaged.
The water elemental closely misses you.
You hit the water elemental.
The water elemental is heavily damaged.
You hit the water elemental but do no damage.
The water elemental is heavily damaged.
The water elemental hits you!
You hit the water elemental but do no damage.
The water elemental is heavily damaged.
The water elemental completely misses you.
Unknown command.
The water elemental hits you!!
Ouch! That really hurt!
You die...

▓▓▓▓▓▓▓▓▓ ▓▓▓ ..+.....♣
♣.# ..#.....♣ ♣♣.#
###.....♣♣ ♣..#
..#....≈.♣♣♣♣.###+#+###+
..#...≈≈♣.....#.........
÷.#..≈≈≈≈..♣..'Es.......
#)#..≈≈≈≈≈≈♣♣.#...######
..#.≈≈≈≈≈≈....#.⌠.#
..#.≈≈≈≈≈.....#...#
..#.≈≈≈.......#+###
###...........#
..............#
▓▓▓▓▓▓▓▓▓▓▓▓▓▓▓


You could see a water elemental.

Vanquished Creatures
  Jessica (D)
  A human (D)
  An ooze (D)
  A phantom (D)
  2 rats (D)
6 creatures vanquished.

Vanquished Creatures (others)
  2 draconian scorchers (D)
  6 hellions (D)
  3 yaktaurs (D)
  A plant (D)
12 creatures vanquished.

Grand Total: 18 creatures vanquished

Notes
Turn   | Place    | Note
-------+----------+-------------------------------------------
     0 | D        | Kidiri the Draconian Transmuter began the quest for the Orb.
     0 | D        | Reached XP level 1. HP: 16/16 MP: 3/3
    80 | D        | Killed a hellion
    81 | D        | Noticed Jessica
    87 | D        | Killed a yaktaur
    92 | D        | Killed Jessica
    92 | D        | Reached skill level 1 in Stealth
    92 | D        | Reached skill level 4 in Unarmed Combat
    92 | D        | Reached XP level 2. HP: 25/25 MP: 2/5
    92 | D        | Reached XP level 3. HP: 30/30 MP: 2/7
   101 | D        | Killed a yaktaur
   106 | D        | Killed a hellion
   108 | D        | Killed a hellion
   116 | D        | Learned a level 2 spell: Sticks to Snakes
   120 | D        | Learned a level 3 spell: Spider Form
   170 | D        | Killed a hellion
   193 | D        | Killed a white draconian scorcher
   281 | D        | Killed a white draconian scorcher
   292 | D        | Killed a hellion
   334 | D        | Gained mutation: Your spells are a little harder to cast, but a little more powerful. [potion of mutation]
   334 | D        | Gained mutation: You have a pair of small antennae on your head. [potion of mutation]
   335 | D        | Lost mutation: You have a pair of small antennae on your head. [potion of mutation]
   335 | D        | Lost mutation: Your spells are a little harder to cast, but a little more powerful. [potion of mutation]
   335 | D        | Gained mutation: Your spells are a little harder to cast, but a little more powerful. [potion of mutation]
   335 | D        | Gained mutation: You are agile. (Dex +2) [potion of mutation]
   346 | D        | Killed a hellion
   511 | D        | Killed a yaktaur
   587 | D        | Noticed a water elemental
   601 | D        | Mangled by a water elemental

Vault maps used:
D:        dungeon_sprint_mu

Skill      XL: |  1  2  3 |
---------------+----------+-----
Dodging        | 3 |  3.2
Fighting       | 2 |  2.6
Stealth        | 1 2 |  2.0
Unarmed Combat | 4 |  4.5
Transmutations | 3 |  3.9
Spellcasting   | 3 |  3.0
Poison Magic   | |  0.6

Action                   || total
-------------------------++-------
Melee: Unarmed           ||    43
       Tailslap          ||     4
       Headbutt          ||     2
       Kick              ||     1
 Cast: Beastly Appendage ||     5
       Spider Form       ||     2
  Use: Scroll            ||     3
       Potion            ||     3
Armor: Skin              ||     2
Dodge: Dodged            ||    27
